 Dungeon Sprint DCSS version 0.30-a0-23-ge60ba3568b (webtiles) character file.

Game seed: 2754399707710302594

7027 mhtbhm the Ninja (level 10, -18/47 HPs)
             Began as a Spriggan Brigand on Aug 26, 2022.
             Was the Champion of Dithmenos.
             Killed from afar by a crystal guardian (43 damage)
             ... with a crystal bolt
             ... in the Dungeon (Sprint III: "The Ten Rune Challenge").
             The game lasted 00:04:43 (1930 turns).

mhtbhm the Ninja (Spriggan Brigand)                 Turns: 1930, Time: 00:04:44

Health: -18/47     AC:  5    Str:  6    XL:     10   Next: 82%
Magic:  19/19      EV: 24    Int: 18    God:    Dithmenos [******]
Gold:   1664       SH:  0    Dex: 19    Spells: 9/9 levels left

rFire   . . .      SeeInvis +    m - +4 dagger (protect)
rCold   . . .      Faith    .    (no shield)
rNeg    . . .      Spirit   .    b - +0 robe
rPois   +          Reflect  .    (helmet restricted)
rElec   .          Harm     .    c - +2 cloak {rCorr}
rCorr   +          Rampage  .    (gloves unavailable)
Will    +....      NoTele   +    (boots unavailable) Stlth ********++
                                 (no amulet)
HPRegen 0.15/turn                (no ring)
MPRegen 0.16/turn                (no ring)

@: mighty, hasted, wreathed by umbra, very quick
A: very small, no large weapons, unfitting armour, see invisible, speed 3,
clever 1, frail 1, poison resistance
a: Renounce Religion, Shadow Step, Shadow Form


You were in the Dungeon.
You worshipped Dithmenos.
Dithmenos was exalted by your worship.
You visited 1 branch You collected 1664 gold pieces.

Inventory:

Hand Weapons
 m - a +4 dagger of protection (weapon)
Missiles
 d - 9 poisoned darts
 e - 9 curare-tipped darts (quivered)
Armour
 b - a +0 robe (worn)
 c - a +2 cloak of preservation (worn)
Wands
 j - a wand of flame (13)
Scrolls
 k - a scroll of blinking
 p - a scroll of poison
Potions
 a - 4 potions of flight
 g - 2 potions of heal wounds
 i - 2 potions of magic
 q - 5 potions of mutation
Miscellaneous
 t - a piece from Xom's chessboard (15/15)


   Skills:
 + Level 6.6 Fighting
 + Level 11.2 Short Blades
 + Level 5.7 Throwing
 + Level 9.4 Dodging
 O Level 27 Stealth
 * Level 11.0 Invocations
 + Level 3.0 Evocations


You had 9 spell levels left.
You didn't know any spells.
Your spell library contained the following spells:

 Spells                   Type           Power      Damage    Failure   Level
 Sandblast                Erth           0%         2d4       22%         1
 Passwall                 Tmut/Erth      0%         N/A       32%         2
 Stone Arrow              Conj/Erth      0%         3d7       54%         3


Dungeon Overview and Level Annotations

Branches:
Dungeon (1/1)

Altars:
Cheibriados
Dithmenos
Elyvilon
Fedhas
Gozag
Hepliaklqana
Kikubaaqudgha
Makhleb
Nemelex Xobeh
Okawaru
Qazlal
Ru
Sif Muna
Trog
Uskayaw
Vehumet
Wu Jian
Xom
Yredelemnul
Zin
The Shining One
Jiyva
Lugonu

Shops:
D (:(!=?(![([*

Annotations:
D exclusion: orange crystal statue


Innate Abilities, Weirdness & Mutations

You are very small and have problems with some larger weapons.
You are too small for most types of armour.
You have supernaturally acute eyesight. (SInv)
You cover ground extremely quickly. (Speed+++)
Your mind is acute. (Int +4, Str/Dex -1)
You are frail. (-10% HP)
Your system is resistant to poisons. (rPois)


Message History

No target in view!
No target in view!
No target in view!
No target in view!
No target in view!
No target in view!
No target in view!
No target in view!
No target in view!
There is a large open flickering gateway to a bazaar here.
There is a fountain of clear blue water here.
Really walk into a travel-excluded area?
Uppercase [Y]es or [N]o only, please.
Really walk into a travel-excluded area?
The orange crystal statue fixes its piercing gaze on you.
Something tries to feed on your intellect! 4 crystal guardians come into view.
The helpless crystal guardian fails to defend itself.
You skewer the crystal guardian like a kebab!!!!!
Your weapon exudes an aura of protection.
You destroy the crystal guardian!
Dithmenos accepts your kill.
Your Invocations skill increases to level 11!
Your Evocations skill increases to level 3!
There is a large open flickering gateway to a bazaar here.
There is a large open flickering gateway to a bazaar here.
There is an entrance to Vaceeth's Distillery here.
There is an entrance to Duclurraew's Antique Weapon Emporium here.
There is an entrance to Qoagiosh's Jewellery Boutique here.
There is an entrance to Bokhiti's Antique Weapon Shoppe here.
You start waiting.
A crystal guardian is nearby!
You feel yourself speed up.
The crystal guardian glitters, brittle, in the dim dungeon light.
You feel very mighty all of a sudden.
The crystal guardian fires a crystalline bolt at you.
The crystal bolt freezes you!!
You emit a cloud of dark smoke.
The crystal bolt freezes you!!!
Ouch! That really hurt!
You die...

#.....+ #.#####
#.# #.# ########
#.# ###..⌠⌠∩$# #.#
###8#.∩⌠⌠∩$# #.#
###...#§§∩∩∩$#
#.#+#.§§§§#§§§∩∩$#
#.#....§§§#@9...$#
#.#....§§§###''###
#.........#.⌠..⌠.#
#########.#......#
.#9#9#.#........#
..9..9.9........#
................#
##+##############


You could see a crystal guardian.

Vanquished Creatures
  Sigmund (D)
  Josephine (D)
  A centaur warrior (D)
  A deep elf pyromancer (D)
  A crystal guardian (D)
  An unseen horror (D)
  Edmund (D)
  3 wandering mushrooms (D)
  3 orc high priests (D)
  A shadow (D)
  A spatial vortex (D)
  2 orc warriors (D)
  2 centaurs (D)
  An earth elemental (D)
  A water elemental (D)
  A necrophage (D)
  5 orc priests (D)
  A jelly (D)
  Jessica (D)
  A wizard (D)
  An orc wizard (D)
  A necromancer (D)
  3 humans (D)
  A kobold demonologist (D)
  A wolf (D)
  11 orcs (D)
  An endoplasm (D)
  2 rats (D)
51 creatures vanquished.

Notes
Turn   | Place    | Note
-------+----------+-------------------------------------------
     0 | D        | mhtbhm the Spriggan Brigand began the quest for the Orb.
     0 | D        | Reached XP level 1. HP: 10/10 MP: 2/2
    10 | D        | Reached skill level 6 in Stealth
    31 | D        | Reached skill level 7 in Stealth
    41 | D        | Noticed Jessica
    45 | D        | Killed Jessica
    46 | D        | Reached skill level 9 in Stealth
    46 | D        | Reached XP level 2. HP: 15/15 MP: 3/3
    46 | D        | Reached XP level 3. HP: 18/18 MP: 4/4
   120 | D        | Reached skill level 10 in Stealth
   124 | D        | Reached skill level 11 in Stealth
   143 | D        | Gained mutation: You are frail. (-10% HP) [potion of
                  | mutation]
   143 | D        | Gained mutation: Your mind is acute. (Int +4, Str/Dex -1)
                  | [potion of mutation]
   143 | D        | Gained mutation: Your system is resistant to poisons.
                  | (rPois) [potion of mutation]
   151 | D        | Noticed a water elemental
   153 | D        | Killed a water elemental
   154 | D        | Reached skill level 13 in Stealth
   154 | D        | Reached XP level 4. HP: 20/20 MP: 5/5
   164 | D        | Found a shadowy altar of Dithmenos.
   164 | D        | Noticed a necrophage
   169 | D        | Killed a necrophage
   170 | D        | Reached skill level 5 in Short Blades
   170 | D        | Reached skill level 14 in Stealth
   170 | D        | Reached XP level 5. HP: 25/25 MP: 6/6
   170 | D        | Found a basalt altar of Yredelemnul.
   170 | D        | Found a sacrificial altar of Ru.
   174 | D        | Reached skill level 15 in Stealth
   179 | D        | Became a worshipper of Dithmenos the Shadowed
   321 | D        | Found a radiant altar of Vehumet.
   322 | D        | Found a shimmering blue altar of Sif Muna.
   322 | D        | Found an ancient bone altar of Kikubaaqudgha.
   324 | D        | Reached skill level 1 in Invocations
   342 | D        | Found a glowing silver altar of Zin.
   343 | D        | Found a glowing golden altar of the Shining One.
   343 | D        | Found a white marble altar of Elyvilon.
   343 | D        | Noticed a deep elf pyromancer
   345 | D        | Killed a deep elf pyromancer
   345 | D        | Reached * piety under Dithmenos
   346 | D        | Reached skill level 19 in Stealth
   346 | D        | Reached XP level 6. HP: 29/29 MP: 7/10
   346 | D        | Reached XP level 7. HP: 33/33 MP: 7/11
   355 | D        | Found a hide-covered altar of Uskayaw.
   355 | D        | Found an iron altar of Okawaru.
   356 | D        | Found a bloodstained altar of Trog.
   356 | D        | Found an ornate altar of the Wu Jian Council.
   356 | D        | Noticed a human
   356 | D        | Noticed a human
   358 | D        | Killed a human
   359 | D        | Reached skill level 5 in Invocations
   359 | D        | Killed a human
   360 | D        | Reached skill level 20 in Stealth
   401 | D        | Noticed a shadow
   423 | D        | Killed a shadow
   423 | D        | Reached ** piety under Dithmenos
   424 | D        | Reached XP level 8. HP: 20/37 MP: 13/13
   576 | D        | Reached skill level 21 in Stealth
   587 | D        | Found a blossoming altar of Fedhas.
   587 | D        | Found a stormy altar of Qazlal.
   588 | D        | Found a snail-covered altar of Cheibriados.
   588 | D        | Found a burning altar of Makhleb.
   588 | D        | Found a hazy altar of Hepliaklqana.
   588 | D        | Found a shimmering altar of Xom.
   588 | D        | Found an opulent altar of Gozag.
   588 | D        | Found a sparkling altar of Nemelex Xobeh.
   588 | D        | Found a corrupted altar of Lugonu.
   588 | D        | Found a viscous altar of Jiyva.
   609 | D        | Noticed Josephine
   611 | D        | Killed Josephine
   612 | D        | Reached skill level 5 in Fighting
   612 | D        | Reached skill level 22 in Stealth
   612 | D        | Reached skill level 1 in Evocations
   620 | D        | Reached *** piety under Dithmenos
   621 | D        | Reached skill level 23 in Stealth
   626 | D        | Noticed a centaur warrior
   644 | D        | Killed a centaur warrior
   645 | D        | Reached skill level 5 in Dodging
   645 | D        | Reached skill level 24 in Stealth
   645 | D        | Reached XP level 9. HP: 18/42 MP: 14/16
   939 | D        | Noticed an unseen horror
   940 | D        | Killed an unseen horror
   940 | D        | Reached **** piety under Dithmenos
   951 | D        | Noticed a wandering mushroom
   955 | D        | Noticed a wandering mushroom
   957 | D        | Noticed a wandering mushroom
   958 | D        | Killed a wandering mushroom
  1075 | D        | Reached skill level 25 in Stealth
  1506 | D        | Noticed Sigmund
  1506 | D        | Noticed Edmund
  1508 | D        | Killed Edmund
  1511 | D        | Killed Sigmund
  1512 | D        | Reached skill level 10 in Short Blades
  1512 | D        | Reached skill level 5 in Throwing
  1512 | D        | Reached skill level 26 in Stealth
  1512 | D        | Reached skill level 10 in Invocations
  1512 | D        | Reached XP level 10. HP: 44/47 MP: 12/18
  1553 | D        | Found Jikomya's Weapon Shoppe.
  1555 | D        | Reached ***** piety under Dithmenos
  1555 | D        | Reached ****** piety under Dithmenos
  1824 | D        | Reached skill level 27 in Stealth
  1851 | D        | Noticed an orange crystal statue
  1862 | D        | Found Gacaj's Magic Scroll Emporium.
  1862 | D        | Found Vaceeth's Distillery.
  1862 | D        | Found Lybu's Assorted Antiques.
  1862 | D        | Found Qoagiosh's Jewellery Boutique.
  1862 | D        | Found Duclurraew's Antique Weapon Emporium.
  1862 | D        | Found Baboin's Antique Armour Shop.
  1862 | D        | Found Sinwakle's Antique Weapon Emporium.
  1862 | D        | Found Qyxalao's Armour Boutique.
  1863 | D        | Found Keulasim's Distillery.
  1863 | D        | Found Bokhiti's Antique Weapon Shoppe.
  1863 | D        | Found Hoddatat's Book Shop.
  1908 | D        | Noticed a crystal guardian
  1908 | D        | Noticed a crystal guardian
  1908 | D        | Noticed a crystal guardian
  1908 | D        | Noticed a crystal guardian
  1909 | D        | Killed a crystal guardian
  1930 | D        | Killed from afar by a crystal guardian

Illustrated notes

Levels and vault maps discovered:
D:        dungeon_sprint_mu [sprint_mu_entry_cave, sprint_mu_temple_rooms,
          sprint_mu_d1_horrors, sprint_mu_d2_genie, sprint_mu_d3_branching,
          sprint_mu_orc_legion, sprint_mu_elf_gauntlet, sprint_mu_hive_nellie,
          sprint_mu_lair_fedhas, sprint_mu_vaults_butterflies,
          sprint_mu_slime_circle, sprint_mu_swamp_cave, sprint_mu_shoals_archi,
          sprint_mu_blade_basic, sprint_mu_crypt_fortress,
          sprint_mu_tomb_spiral, sprint_mu_vestibule_basic,
          sprint_mu_gehenna_hellfire, sprint_mu_dis_giant,
          sprint_mu_tartarus_statrot, sprint_mu_cocytus_islands, sprint_mu_zot1]

Skill      XL: |  1  2  3  4  5  6  7  8  9 10 |
---------------+-------------------------------+-----
Stealth        | 9 13 14 19 20 24 26 27 | 27.0
Fighting       | 2 3 4 5 6 |  6.6
Short Blades   | 3 4 5 6 7 8 10 11 | 11.2
Throwing       | 3 4 5 |  5.7
Dodging        | 2 3 5 8 9 |  9.4
Invocations    | 4 5 8 10 11 | 11.0
Evocations     | 1 2 3 |  3.0

Action                   |  1- 3 |  4- 6 |  7- 9 | 10-12 || total
-------------------------+-------+-------+-------+-------++-------
Melee: Dagger            |     7 |    10 |    94 |    12 ||   123
       Punch             |       |       |     2 |       ||     2
Throw: Dart              |       |       |     4 |     1 ||     5
Invok: Shadow Step       |       |       |     1 |     1 ||     2
Evoke: Wand              |       |       |     2 |       ||     2
  Use: Potion            |     1 |     1 |     2 |     2 ||     6
       Scroll            |       |       |       |     5 ||     5
 Stab: Sleeping          |     7 |     3 |     9 |     5 ||    24
       Distracted        |       |       |     1 |       ||     1
Armor: Robe              |       |     2 |    18 |       ||    20
Dodge: Dodged            |       |     2 |    79 |     4 ||    85

Table legend: (Time is in decaauts)
 A = Elapsed time spent in this place.
 B = Non-inter-level travel time spent in this place.
 C = Inter-level travel time spent in this place.
 D = Time resting spent in this place.
 E = Time spent auto-exploring this place.
 F = Levels seen in this place.
 G = Mean time per level.
                   A        B        C        D        E       F      G
               +--------+--------+--------+--------+--------+-----+--------+
         Total |   1669 |   1669 |      0 |   1145 |     16 |   1 | 1669.0 |
       Dungeon |   1669 |   1669 |      0 |   1145 |     16 |   1 | 1669.0 |
               +--------+--------+--------+--------+--------+-----+--------+

Top non-repeatable levels by time:
       D: 1669 daAuts
